NCAA
PROVIDENCE FRIARS @ NORTH CAROLINA STATE WOLFPACK
05/01/2026
 
TOP OF THE 1ST
Providence Friars batting - Pitching for North Carolina State Wolfpack : RHP Bob Howe
Pitching: RHP Bob Howe
Batting: RHB Larry Davis 0-0: Ball
1-0: Called Strike
1-1: SINGLE (Line Drive, 8RS)
Batting: RHB Jorge Carrillo 0-0: Ball
Larry Davis steals 2nd base
1-0: Called Strike
1-1: Called Strike
1-2: Strikes out looking
Batting: LHB Dave Joyner 0-0: Ball
1-0: Foul Ball, location: 2F
1-1: Ball
2-1: Foul Ball, location: 2F
2-2: Fly out, F8 (Line Drive, 8LS)
Batting: RHB Albert Cordero 0-0: Ground out 1-3 (Groundball, 13)
Top of the 1st over - 0 run(s), 1 hit(s), 0 error(s), 1 left on base; Providence 0 - North Carolina State 0
BOTTOM OF THE 1ST
North Carolina State Wolfpack batting - Pitching for Providence Friars : RHP Lorne McCoy
Pitching: RHP Lorne McCoy
Batting: RHB Henry Dawson 0-0: Called Strike
0-1: SOLO HOME RUN (Flyball, 78XD), Distance : 389 ft
Batting: RHB Jorge García 0-0: Ball
1-0: Ball
2-0: Ground out 5-3 (Groundball, 56)
Batting: LHB Frank Jackson 0-0: Called Strike
0-1: Called Strike
0-2: Ball
1-2: Ball
2-2: Ball
3-2: Foul Ball, location: 2F
3-2: Foul Ball, location: 2F
3-2: Fly out, F8 (Flyball, 8LXD)
Batting: RHB Dennis Mays 0-0: Ball
1-0: Ground out 5-3 (Groundball, 5)
Bottom of the 1st over - 1 run(s), 1 hit(s), 0 error(s), 0 left on base; Providence 0 - North Carolina State 1
TOP OF THE 2ND
Providence Friars batting - Pitching for North Carolina State Wolfpack : RHP Bob Howe
Batting: SHB Joey Boyd 0-0: Foul Ball, location: 2F
0-1: Ball
1-1: Foul Ball, location: 2F
1-2: Foul Ball, location: 2F
1-2: Strikes out swinging
Batting: RHB Rodrigo Carballeira 0-0: Ball
1-0: Ball
2-0: Ball
3-0: Called Strike
3-1: Foul Ball, location: 2F
3-2: SINGLE (Groundball, 56D)
Batting: LHB Chris Reid 0-0: Ball
1-0: Called Strike
1-1: Ball
2-1: Foul Ball, location: 2F
2-2: Strikes out swinging
Batting: LHB Arnold Stewart 0-0: Ball
1-0: Called Strike
1-1: SINGLE (Flyball, 7S)
Rodrigo Carballeira to second
Batting: RHB Kyle Baylor 0-0: Called Strike
0-1: Called Strike
0-2: Ball
1-2: Strikes out swinging
Top of the 2nd over - 0 run(s), 2 hit(s), 0 error(s), 2 left on base; Providence 0 - North Carolina State 1
BOTTOM OF THE 2ND
North Carolina State Wolfpack batting - Pitching for Providence Friars : RHP Lorne McCoy
Batting: LHB Ignacio Rabelo 0-0: Called Strike
0-1: Ball
1-1: Foul Ball, location: 2F
1-2: Ground out 6-3 (Groundball, 6M)
Batting: RHB Chester Page 0-0: Ball
1-0: Ground out 6-3 (Groundball, 6)
Batting: SHB Hollis Hughes 0-0: Ball
1-0: Fly out, F9 (Flyball, 9D)
Bottom of the 2nd over - 0 run(s), 0 hit(s), 0 error(s), 0 left on base; Providence 0 - North Carolina State 1
TOP OF THE 3RD
Providence Friars batting - Pitching for North Carolina State Wolfpack : RHP Bob Howe
Batting: RHB Larry Davis 0-0: Called Strike
0-1: Foul Ball, location: 2F
0-2: TRIPLE (Line Drive, 9LS)
Batting: RHB Jorge Carrillo 0-0: Called Strike
0-1: DOUBLE (Flyball, 78M)
Larry Davis scores
Batting: LHB Dave Joyner 0-0: Ball
1-0: Ball
2-0: Ball
3-0: Called Strike
3-1: Swinging Strike
3-2: Base on Balls
Batting: RHB Albert Cordero 0-0: Swinging Strike
0-1: Ball
1-1: Foul Ball, location: 2F
1-2: Strikes out swinging
Batting: SHB Joey Boyd 0-0: Called Strike
0-1: Ball
1-1: Foul Ball, location: 2F
1-2: Strikes out looking
Batting: RHB Rodrigo Carballeira 0-0: Foul Ball, location: 2F
0-1: Ball
1-1: Ball
2-1: Foul Ball, location: 2F
2-2: Ball
3-2: Foul Ball, location: 2F
3-2: Base on Balls
Jorge Carrillo to third
Dave Joyner to second
Batting: LHB Chris Reid 0-0: Called Strike
0-1: Foul Ball, location: 2F
0-2: Foul Ball, location: 2F
0-2: Strikes out swinging
Top of the 3rd over - 1 run(s), 2 hit(s), 0 error(s), 3 left on base; Providence 1 - North Carolina State 1
BOTTOM OF THE 3RD
North Carolina State Wolfpack batting - Pitching for Providence Friars : RHP Lorne McCoy
Batting: RHB Bob Olson 0-0: Fly out, F9 (Flyball, 9D)
Batting: RHB Roberto Landavazo 0-0: Swinging Strike
0-1: Swinging Strike
0-2: Fly out, F3 (Popup, 34)
Batting: RHB Henry Dawson 0-0: Ball
1-0: Ball
2-0: Ball
3-0: Called Strike
3-1: Called Strike
3-2: Base on Balls
Batting: RHB Jorge García 0-0: Ball
1-0: Ball
2-0: Called Strike
2-1: Fly out, F3 (Popup, 23F)
Bottom of the 3rd over - 0 run(s), 0 hit(s), 0 error(s), 1 left on base; Providence 1 - North Carolina State 1
TOP OF THE 4TH
Providence Friars batting - Pitching for North Carolina State Wolfpack : RHP Bob Howe
Batting: LHB Arnold Stewart 0-0: Ball
1-0: Called Strike
1-1: Called Strike
1-2: Ball
2-2: Ball
3-2: Foul Ball, location: 2F
3-2: Base on Balls
Batting: RHB Kyle Baylor 0-0: Called Strike
Arnold Stewart steals 2nd base
0-1: Foul Ball, location: 2F
0-2: Strikes out swinging
Batting: RHB Larry Davis 0-0: Ball
1-0: Ball
Wild Pitch!
Arnold Stewart to third
2-0: Foul Ball, location: 2F
2-1: Ground out 6-3 (Groundball, 6M)
Arnold Stewart scores
Batting: RHB Jorge Carrillo 0-0: Swinging Strike
0-1: Ball
1-1: Fly out, F7 (Flyball, 7M)
Top of the 4th over - 1 run(s), 0 hit(s), 0 error(s), 0 left on base; Providence 2 - North Carolina State 1
BOTTOM OF THE 4TH
North Carolina State Wolfpack batting - Pitching for Providence Friars : RHP Lorne McCoy
Batting: LHB Frank Jackson 0-0: Ball
1-0: Ball
2-0: Foul Ball, location: 2F
2-1: Ground out 1-3 (Groundball, 15)
Batting: RHB Dennis Mays 0-0: Ball
1-0: Called Strike
1-1: Foul Ball, location: 2F
1-2: Foul Ball, location: 2F
1-2: Ball
2-2: Ball
3-2: Foul Ball, location: 2F
3-2: Foul Ball, location: 2F
3-2: Ground out 4-3 (Groundball, 4)
Batting: LHB Ignacio Rabelo 0-0: Called Strike
0-1: Ball
1-1: Ball
2-1: Ball
3-1: Base on Balls
Batting: RHB Chester Page 0-0: Called Strike
0-1: Swinging Strike
0-2: Ball
1-2: Foul Ball, location: 2F
1-2: Ball
2-2: Ground out 6-3 (Groundball, 56)
Bottom of the 4th over - 0 run(s), 0 hit(s), 0 error(s), 1 left on base; Providence 2 - North Carolina State 1
TOP OF THE 5TH
Providence Friars batting - Pitching for North Carolina State Wolfpack : RHP Bob Howe
Pitching: RHP Clayton Tranter
Batting: LHB Dave Joyner 0-0: Called Strike
0-1: Foul Ball, location: 2F
0-2: Ball
1-2: Strikes out swinging
Batting: RHB Albert Cordero 0-0: Swinging Strike
0-1: Foul Ball, location: 2F
0-2: Foul Ball, location: 2F
0-2: Strikes out looking
Batting: SHB Joey Boyd 0-0: Foul Ball, location: 2F
0-1: Called Strike
0-2: Ball
1-2: Strikes out looking
Top of the 5th over - 0 run(s), 0 hit(s), 0 error(s), 0 left on base; Providence 2 - North Carolina State 1
BOTTOM OF THE 5TH
North Carolina State Wolfpack batting - Pitching for Providence Friars : RHP Lorne McCoy
Batting: SHB Hollis Hughes 0-0: Fly out, F9 (Flyball, 9M)
Batting: RHB Bob Olson 0-0: Ball
1-0: Ball
2-0: Fly out, F9 (Flyball, 89M)
Batting: RHB Roberto Landavazo 0-0: Called Strike
0-1: Ball
1-1: Foul Ball, location: 2F
1-2: Fly out, F7 (Flyball, 78M)
Bottom of the 5th over - 0 run(s), 0 hit(s), 0 error(s), 0 left on base; Providence 2 - North Carolina State 1
TOP OF THE 6TH
Providence Friars batting - Pitching for North Carolina State Wolfpack : RHP Clayton Tranter
Batting: RHB Rodrigo Carballeira 0-0: Ball
1-0: Foul Ball, location: 2F
1-1: Foul Ball, location: 2F
1-2: Strikes out swinging
Batting: LHB Chris Reid 0-0: Ball
1-0: Ball
2-0: SOLO HOME RUN (Flyball, 89XD), Distance : 382 ft
Batting: LHB Arnold Stewart 0-0: Ball
1-0: Ball
2-0: SINGLE (Line Drive, 9LS)
Batting: RHB Kyle Baylor 0-0: Ball
1-0: Called Strike
1-1: Ball
2-1: SINGLE (Groundball, 34)
Arnold Stewart to second
Runner from 2nd tries for 3rd, SAFE, no throw or cutoff
Batting: RHB Larry Davis 0-0: Ball
1-0: Ball
2-0: Ball
3-0: Called Strike
3-1: Foul Ball, location: 2F
3-2: Strikes out swinging
Batting: RHB Jorge Carrillo 0-0: Ball
1-0: Foul Ball, location: 2F
1-1: Called Strike
1-2: SINGLE (Line Drive, 89M)
Arnold Stewart scores
Kyle Baylor to second
Pitching: LHP Matt Ramey
Batting: LHB Dave Joyner 0-0: Ball
1-0: Swinging Strike
1-1: Ball
2-1: Foul Ball, location: 2F
2-2: Foul Ball, location: 2F
2-2: Foul Ball, location: 2F
2-2: Fielders Choice at 2nd, 6-4 (Groundball, 6)
Top of the 6th over - 2 run(s), 4 hit(s), 0 error(s), 1 left on base; Providence 4 - North Carolina State 1
BOTTOM OF THE 6TH
North Carolina State Wolfpack batting - Pitching for Providence Friars : RHP Lorne McCoy
Batting: RHB Henry Dawson 0-0: Ground out 5-3 (Groundball, 5)
Batting: RHB Jorge García 0-0: Ground out 6-3 (Groundball, 56)
Batting: LHB Frank Jackson 0-0: Ball
1-0: Ball
2-0: Foul Ball, location: 2F
2-1: Ball
3-1: Base on Balls
Batting: RHB Dennis Mays 0-0: Ball
1-0: Called Strike
1-1: Ball
2-1: Swinging Strike
2-2: Strikes out swinging
Bottom of the 6th over - 0 run(s), 0 hit(s), 0 error(s), 1 left on base; Providence 4 - North Carolina State 1
TOP OF THE 7TH
Providence Friars batting - Pitching for North Carolina State Wolfpack : LHP Matt Ramey
Batting: RHB Albert Cordero 0-0: Ball
1-0: Ball
2-0: Called Strike
2-1: Swinging Strike
2-2: Strikes out swinging
Batting: SHB Joey Boyd 0-0: Ball
1-0: Ground out 1-3 (Groundball, 13S)
Batting: RHB Rodrigo Carballeira 0-0: Called Strike
0-1: Ball
1-1: Ground out 4-3 (Groundball, 4)
Top of the 7th over - 0 run(s), 0 hit(s), 0 error(s), 0 left on base; Providence 4 - North Carolina State 1
BOTTOM OF THE 7TH
North Carolina State Wolfpack batting - Pitching for Providence Friars : RHP Lorne McCoy
Pitching: RHP Adam Reed
Batting: LHB Ignacio Rabelo 0-0: Called Strike
0-1: Fly out, F7 (Flyball, 7M)
Batting: RHB Chester Page 0-0: Ball
1-0: Ball
2-0: Foul Ball, location: 2F
2-1: Called Strike
2-2: Strikes out swinging
Batting: SHB Hollis Hughes 0-0: Ball
1-0: SOLO HOME RUN (Flyball, 7D), Distance : 367 ft
Batting: RHB Bob Olson 0-0: Called Strike
0-1: Swinging Strike
0-2: Ball
1-2: Strikes out swinging
Bottom of the 7th over - 1 run(s), 1 hit(s), 0 error(s), 0 left on base; Providence 4 - North Carolina State 2
TOP OF THE 8TH
Providence Friars batting - Pitching for North Carolina State Wolfpack : LHP Matt Ramey
Batting: LHB Chris Reid 0-0: Fly out, F8 (Flyball, 8RM)
Batting: LHB Arnold Stewart 0-0: Called Strike
0-1: SINGLE (Groundball, 34D)
Batting: RHB Kyle Baylor 0-0: Ball
Arnold Stewart is caught stealing 2nd base
1-0: Ball
2-0: Called Strike
2-1: Swinging Strike
2-2: Strikes out swinging
Top of the 8th over - 0 run(s), 1 hit(s), 0 error(s), 0 left on base; Providence 4 - North Carolina State 2
BOTTOM OF THE 8TH
North Carolina State Wolfpack batting - Pitching for Providence Friars : RHP Adam Reed
Batting: RHB Roberto Landavazo 0-0: Ground out 5-3 (Groundball, 5S)
Batting: RHB Henry Dawson 0-0: Called Strike
0-1: Ball
1-1: Foul Ball, location: 2F
1-2: Ball
2-2: Ball
3-2: Foul Ball, location: 2F
3-2: Base on Balls
Batting: RHB Jorge García 0-0: Ball
Passed Ball!
Henry Dawson to second
1-0: Called Strike
1-1: Ball
2-1: Ball
3-1: Base on Balls
Pitching: LHP Juan Jose Hinojosa
Batting: LHB Frank Jackson 0-0: Foul Ball, location: 2F
0-1: Swinging Strike
0-2: Ball
1-2: 3-RUN HOME RUN (Flyball, 7LD), Distance : 339 ft
Batting: RHB Dennis Mays 0-0: SOLO HOME RUN (Flyball, 8LXD), Distance : 395 ft
Pitching: RHP Ashton Martínez
Batting: LHB Ignacio Rabelo 0-0: Foul Ball, location: 2F
0-1: Ball
1-1: Ball
2-1: Ball
3-1: Called Strike
3-2: Base on Balls
Batting: RHB Chester Page 0-0: Fly out, F8 (Line Drive, 8LM)
Batting: SHB Hollis Hughes 0-0: Called Strike
0-1: Ball
1-1: Foul Ball, location: 2F
1-2: SINGLE (Groundball, 4MD)
Ignacio Rabelo to second
Runner from 2nd tries for 3rd, SAFE, throw made to third
Batting: RHB Bob Olson 0-0: Called Strike
0-1: Fly out, F9 (Flyball, 9LM)
Bottom of the 8th over - 4 run(s), 3 hit(s), 0 error(s), 2 left on base; Providence 4 - North Carolina State 6
TOP OF THE 9TH
Providence Friars batting - Pitching for North Carolina State Wolfpack : LHP Matt Ramey
Pitching: LHP Will Baker
Batting: RHB Larry Davis 0-0: Ball
1-0: TRIPLE (Line Drive, 3L)
Batting: RHB Jorge Carrillo 0-0: Ball
1-0: Ball
2-0: Ball
3-0: Base on Balls
Pinch Hitting: RHB Tommy Allen 0-0: Swinging Strike
0-1: SINGLE (Groundball, 6M)
Larry Davis scores
Jorge Carrillo to second
Runner from 2nd tries for 3rd, SAFE, no throw or cutoff
Batting: RHB Albert Cordero 0-0: Called Strike
0-1: Swinging Strike
0-2: Strikes out swinging
Pinch Hitting: RHB Eugene Ackerman 0-0: Called Strike
0-1: Ball
1-1: Called Strike
1-2: Strikes out swinging
Batting: RHB Rodrigo Carballeira 0-0: Foul Ball, location: 2F
0-1: Ball
1-1: Ball
2-1: Ball
3-1: Base on Balls
Tommy Allen to second
Pinch Hitting: RHB Victor Wilson 0-0: Called Strike
0-1: Ball
1-1: Ball
2-1: SINGLE (Flyball, 89S)
Jorge Carrillo scores
Tommy Allen to third
Rodrigo Carballeira to second
Runner from 3rd tries for Home, SAFE, no throw or cutoff
Pitching: RHP Brit Torres
Pinch Hitting: LHB Zach Baxter 0-0: SINGLE (Line Drive, 4MD)
Rodrigo Carballeira to third
Victor Wilson to second
Runner from 3rd tries for Home, SAFE, no throw or cutoff
Pinch Hitting: LHB Chris Schultz 0-0: Fly out, F9 (Line Drive, 89M)
Top of the 9th over - 4 run(s), 4 hit(s), 0 error(s), 2 left on base; Providence 8 - North Carolina State 6
BOTTOM OF THE 9TH
North Carolina State Wolfpack batting - Pitching for Providence Friars : RHP Ashton Martínez
Pitching: RHP Steve Patterson
Now at 1B: Clinton Cook
Now at 3B: Francisco Solgato
Now at SS: Will Stafford
Now in LF: Robin Dobson
Now in CF: Zach Baxter
Now in RF: Chris Schultz
Batting: RHB Roberto Landavazo 0-0: Called Strike
0-1: Called Strike
0-2: Ball
1-2: Ball
2-2: Strikes out swinging
Batting: RHB Henry Dawson 0-0: Ball
1-0: Ball
2-0: Ball
3-0: Called Strike
3-1: Foul Ball, location: 2F
3-2: Strikes out swinging
Batting: RHB Jorge García 0-0: Ball
1-0: Ball
2-0: Ball
3-0: Base on Balls
Batting: LHB Frank Jackson 0-0: Called Strike
0-1: Swinging Strike
0-2: Ball
1-2: Ball
2-2: Ball
3-2: 2-RUN HOME RUN (Flyball, 9D), Distance : 343 ft
Batting: RHB Dennis Mays 0-0: Foul Ball, location: 2F
0-1: Ball
1-1: Ball
2-1: Fly out, F8 (Flyball, 8RM)
Bottom of the 9th over - 2 run(s), 1 hit(s), 0 error(s), 0 left on base; Providence 8 - North Carolina State 8
TOP OF THE 10TH
Providence Friars batting - Pitching for North Carolina State Wolfpack : RHP Brit Torres
Pitching: RHP Shawn Roberts
Batting: RHB Larry Davis 0-0: Called Strike
0-1: Called Strike
0-2: Ball
1-2: Fly out, F9 (Flyball, 89M)
Pinch Hitting: RHB Ralph Wells 0-0: Ball
1-0: Ball
2-0: Foul Ball, location: 2F
2-1: Swinging Strike
2-2: Foul Ball, location: 2F
2-2: Foul Ball, location: 2F
2-2: Foul Ball, location: 2F
2-2: Strikes out looking
Pinch Hitting: RHB José Gómez 0-0: Ball
1-0: Ball
2-0: Called Strike
2-1: SINGLE (Line Drive, 89M)
Batting: RHB Albert Cordero 0-0: Ball
1-0: Swinging Strike
1-1: Swinging Strike
1-2: Strikes out looking
Top of the 10th over - 0 run(s), 1 hit(s), 0 error(s), 1 left on base; Providence 8 - North Carolina State 8
BOTTOM OF THE 10TH
North Carolina State Wolfpack batting - Pitching for Providence Friars : RHP Steve Patterson
Now at C: Ralph Wells
Now at SS: Bryce Dougherty
Batting: LHB Ignacio Rabelo 0-0: Ball
1-0: Foul Ball, location: 2F
1-1: Called Strike
1-2: Ground out U3 (Groundball, 3)
Batting: RHB Chester Page 0-0: Ball
1-0: Ground out 6-3 (Groundball, 6)
Batting: SHB Hollis Hughes 0-0: Foul Ball, location: 2F
0-1: Ball
1-1: Swinging Strike
1-2: Strikes out looking
Bottom of the 10th over - 0 run(s), 0 hit(s), 0 error(s), 0 left on base; Providence 8 - North Carolina State 8
TOP OF THE 11TH
Providence Friars batting - Pitching for North Carolina State Wolfpack : RHP Shawn Roberts
Batting: RHB Francisco Solgato 0-0: Foul Ball, location: 2F
0-1: Ball
1-1: Foul Ball, location: 2F
1-2: Strikes out looking
Batting: RHB Rodrigo Carballeira 0-0: SINGLE (Flyball, 6MD)
Pinch Hitting: RHB Mike Cleveland 0-0: Ball
1-0: Ball
2-0: Called Strike
2-1: Ball
3-1: Called Strike
3-2: Foul Ball, location: 2F
3-2: Strikes out swinging
Batting: LHB Zach Baxter 0-0: Foul Ball, location: 2F
0-1: Swinging Strike
0-2: Foul Ball, location: 2F
0-2: Strikes out looking
Top of the 11th over - 0 run(s), 1 hit(s), 0 error(s), 1 left on base; Providence 8 - North Carolina State 8
BOTTOM OF THE 11TH
North Carolina State Wolfpack batting - Pitching for Providence Friars : RHP Steve Patterson
Now in LF: Gary Simmons
Batting: RHB Bob Olson 0-0: Foul Ball, location: 2F
0-1: Ball
1-1: Ball
2-1: Swinging Strike
2-2: Ball
3-2: Ground out 6-3 (Groundball, 6)
Pinch Hitting: LHB Aaron Atkins 0-0: Ball
1-0: Called Strike
1-1: Swinging Strike
1-2: Ball
2-2: Foul Ball, location: 2F
2-2: Ground out 5-3 (Groundball, 56)
Pitching: RHP Bartolo Méndez
Batting: RHB Henry Dawson 0-0: Called Strike
0-1: Ball
1-1: Foul Ball, location: 2F
1-2: Fly out, F6 (Popup, 6D)
Bottom of the 11th over - 0 run(s), 0 hit(s), 0 error(s), 0 left on base; Providence 8 - North Carolina State 8
TOP OF THE 12TH
Providence Friars batting - Pitching for North Carolina State Wolfpack : RHP Shawn Roberts
Now at 2B: Bart Wade
Batting: LHB Chris Schultz 0-0: Called Strike
0-1: Ball
1-1: Foul Ball, location: 2F
1-2: Ball
2-2: SINGLE (Line Drive, 8LS)
Batting: RHB Larry Davis 0-0: Ball
1-0: Ball
2-0: Called Strike
2-1: Ball
3-1: Bunted foul
3-2: SINGLE (Popup, 89S)
Chris Schultz to second
Runner from 2nd tries for 3rd, SAFE, throw made to third
Pitching: RHP António Lara
Batting: RHB Ralph Wells 0-0: Ball
1-0: DOUBLE (Groundball, 5L)
Chris Schultz scores
Larry Davis to third
Runner from 3rd tries for Home, SAFE, no throw or cutoff
Batting: RHB Bryce Dougherty 0-0: Ball
1-0: Called Strike
1-1: Ball
2-1: Ball
3-1: Base on Balls
Batting: RHB Albert Cordero 0-0: Ball
1-0: Ball
2-0: Called Strike
2-1: Ball
3-1: Base on Balls
Ralph Wells to third
Bryce Dougherty to second
Batting: RHB Francisco Solgato 0-0: Foul Ball, location: 2F
0-1: Ball
1-1: Swinging Strike
1-2: Ball
2-2: Ball
3-2: Base on Balls
Ralph Wells scores
Bryce Dougherty to third
Albert Cordero to second
Batting: RHB Rodrigo Carballeira 0-0: Ball
1-0: Ball
2-0: Foul Ball, location: 2F
2-1: Foul Ball, location: 2F
2-2: Foul Ball, location: 2F
2-2: Foul Ball, location: 2F
2-2: Strikes out swinging
Batting: RHB Gary Simmons 0-0: Called Strike
0-1: Ball
1-1: Grounds into double play, 6-4-3 (Groundball, 6)
Top of the 12th over - 3 run(s), 3 hit(s), 0 error(s), 2 left on base; Providence 11 - North Carolina State 8
BOTTOM OF THE 12TH
North Carolina State Wolfpack batting - Pitching for Providence Friars : RHP Bartolo Méndez
Batting: RHB Jorge García 0-0: Called Strike
0-1: Ball
1-1: Foul Ball, location: 2F
1-2: Strikes out swinging
Batting: LHB Frank Jackson 0-0: Called Strike
0-1: Ball
1-1: Ball
2-1: Ball
3-1: Base on Balls
Batting: RHB Dennis Mays 0-0: Called Strike
0-1: Foul Ball, location: 2F
0-2: Ball
1-2: 2-RUN HOME RUN (Flyball, 7D), Distance : 355 ft
Batting: LHB Ignacio Rabelo 0-0: Ball
1-0: Ball
2-0: Ball
3-0: Called Strike
3-1: Base on Balls
Batting: RHB Chester Page 0-0: Fly out, F7 (Flyball, 7M)
Batting: SHB Hollis Hughes 0-0: Ball
1-0: Ball
2-0: Ball
3-0: Base on Balls
Ignacio Rabelo to second
Batting: RHB Bob Olson 0-0: Ball
1-0: Foul Ball, location: 2F
1-1: Ball
2-1: Ball
3-1: Fly out, F9 (Line Drive, 89M)
Bottom of the 12th over - 2 run(s), 1 hit(s), 0 error(s), 2 left on base; Providence 11 - North Carolina State 10
Monday, December 5th, 2016 - OOTP Baseball 17.12 Build 75